 Dungeon Crawl Stone Soup version 0.17-a0-2064-g265a032 (webtiles) character file.

889 pk666 the Fighter (level 7, -4/69 HPs)
             Began as a Minotaur Fighter on Oct 13, 2015.
             Slain by Duvessa
             ... wielding a +1 short sword of electrocution
              (6 damage)
             ... on level 5 of the Dungeon.
             The game lasted 00:09:42 (4061 turns).

pk666 the Fighter (Minotaur Fighter)                Turns: 4061, Time: 00:09:42

Health: -4/69      AC: 12    Str: 26    XL:     7   Next: 77%
Magic:  15/15      EV:  4    Int:  5    God:
Gold:   269        SH:  9    Dex: 11    Spells: 0 memorised, 6 levels left

rFire  . . .     SeeInvis .     w - +0 war axe
rCold  . . .     Clarity  .     y - +0 plate armour
rNeg   . . .     SustAt   .     c - +0 shield
rPois  .         Gourm    .     (helmet restricted)
rElec  .         Spirit   .     p - +0 cloak
rCorr  .         Warding  .     (no gloves)
rMut   .         Stasis   .     (no boots)
MR     .....                    (no amulet)
Stlth  ..........               (no ring)
                                r - ring of magical power

@: mighty, drained, not resistant to hostile enchantments, extremely unstealthy
A: retaliatory headbutt, horns 2
a: no special abilities


You were on level 5 of the Dungeon.
You were not hungry.

You visited 1 branch of the dungeon, and saw 5 of its levels.

You collected 269 gold pieces.

Inventory:

Hand Weapons
 a - a +0 war axe
 w - a +0 war axe (weapon)
Armour
 b - a +0 scale mail
 c - a +0 shield (worn)
 p - a +0 cloak (worn)
 y - a +0 plate armour (worn)
Jewellery
 r - a ring of magical power (left hand)
 t - an uncursed ring of ice
Wands
 i - a wand of polymorph (5)
Scrolls
 k - a scroll of blinking {unknown}
 m - a scroll of magic mapping {unknown}
 n - 7 scrolls of identify
Potions
 e - 5 potions of flight
 f - 2 potions of heal wounds {unknown}
 h - 3 potions of mutation {unknown}
 l - 3 potions of brilliance {unknown}
 q - 3 potions of curing {unknown}
 s - a potion of resistance {unknown}
 u - a potion of poison {unknown}
 v - a potion of agility {unknown}
Comestibles
 g - 5 meat rations
 j - 11 chunks of flesh
 o - 2 beef jerkies
 x - 5 bread rations


   Skills:
 + Level 8.4(7.8) Fighting
 + Level 7.8(7.2) Axes
 - Level 3.6(3.0) Armour
 - Level 3.6(3.0) Shields


You had 6 spell levels left.
You didn't know any spells.

Dungeon Overview and Level Annotations

Branches:
Dungeon (5/15)
 Temple: D:4-7

Altars:
Makhleb
Qazlal

Annotations:
D:5 Duvessa, Sigmund


Innate Abilities, Weirdness & Mutations

You reflexively headbutt those who attack you in melee.
You have a pair of horns on your head.


Message History

There is an open door here.
Duvessa hits you with a short sword of electrocution.
* * * LOW HITPOINT WARNING * * *
Press: ? - help, v - describe, . - travel
Here: Duvessa, wielding a short sword of electrocution (lightly wounded, berserk, fast, unusually strong)
The floor.
Drink which item? (? for menu, Esc to quit)
You feel very mighty all of a sudden. You block Duvessa's attack.
You closely miss Duvessa.
Duvessa is lightly wounded.
You block Duvessa's attack.
Duvessa hits you with a short sword of electrocution.
* * * LOW HITPOINT WARNING * * *
You are electrocuted!
* * * LOW HITPOINT WARNING * * *
Something hits you but does no damage. You block Duvessa's attack.
Duvessa hits you with a short sword of electrocution.
You die...

#.##..##.##.. # #.##..........
### .. #...........##> ##.# #.
+.##..##.##.##.##..### #..
#.##..##.##..#.....#.## #...
#.##.........+........#
#....##.##.######.#####.##..#
#....)..##.######.#####.##..#
#....#...'...e@'....'...##.####
#... #..##'##.###.#####.##'##.#
+.. #..##.##+###.#####.##..... #.
#+##.........+..............
.##.##.##.##+##..##.##'##.##.##.#
......<##.##.##..##+##.##+##.##'#
........#.....+.......))...+....'
.##.....'.....#..##+##.##.##....#
#.##.##.######+##.##.##'##....#


You could see Duvessa (berserk).

Vanquished Creatures
  An ice beast (D:4)
  A centaur (D:5)
  An ogre (D:4)
  Dowan (D:5)
  A water moccasin skeleton (D:3)
  3 hounds
  2 jellies (D:5)
  Ijyb (D:4)
  An orc wizard (D:5)
  A centaur skeleton (D:4)
  Jessica (D:2)
  An iguana (D:4)
  A worker ant (D:4)
  A hound skeleton (D:4)
  A worker ant zombie (D:5)
  10 gnolls
  4 adders
  An ooze (D:2)
  2 worms
  An adder skeleton (D:4)
  9 orcs
  3 bats
  2 giant cockroaches
  11 goblins
  4 hobgoblins
  5 jackals
  8 kobolds
  A quokka (D:4)
  2 ball pythons (D:4)
  A ball python skeleton (D:4)
  A giant gecko (D:4)
  2 giant newts
  A quokka skeleton (D:5)
  11 rats
97 creatures vanquished.

Notes
Turn   | Place    | Note
--------------------------------------------------------------
     0 | D:1      | pk666 the Minotaur Fighter began the quest for the Orb.
     0 | D:1      | Reached XP level 1. HP: 19/19 MP: 0/0
   210 | D:1      | Reached skill level 4 in Fighting
   210 | D:1      | Reached XP level 2. HP: 27/27 MP: 1/1
   668 | D:2      | Noticed Jessica
   674 | D:2      | Killed Jessica
   674 | D:2      | Reached XP level 3. HP: 32/34 MP: 2/2
  1002 | D:2      | Reached XP level 4. HP: 36/41 MP: 3/3
  1019 | D:2      | Reached skill level 5 in Fighting
  1565 | D:3      | Found a stormy altar of Qazlal.
  1714 | D:3      | Reached XP level 5. HP: 48/48 MP: 4/4
  2689 | D:4      | Reached skill level 5 in Axes
  2695 | D:4      | Reached skill level 6 in Fighting
  2701 | D:4      | Noticed Ijyb
  2742 | D:4      | Killed Ijyb
  2787 | D:4      | Reached XP level 6. HP: 17/58 MP: 5/5
  3123 | D:4      | Noticed an ogre
  3128 | D:4      | Killed an ogre
  3160 | D:4      | Reached skill level 7 in Fighting
  3314 | D:4      | Found a burning altar of Makhleb.
  3463 | D:4      | Reached XP level 7. HP: 37/66 MP: 6/6
  3713 | D:5      | Entered Level 5 of the Dungeon
  3887 | D:5      | Reached skill level 8 in Fighting
  4045 | D:5      | Noticed Duvessa
  4045 | D:5      | Noticed Dowan
  4045 | D:5      | Noticed Sigmund
  4046 | D:5      | Killed Dowan
  4058 | D:5      | HP: 2/69 [Duvessa/short sword of electrocution (8)]
  4061 | D:5      | Slain by Duvessa

Vault maps used:
D:1:      eino_arrival_cavern_a
D:2:      uniq_jessica
D:3:      nicolae_qazlal_eye_of_the_storm
D:4:      kennysheep_the_goblin_king, lemuel_coloured_pillars_altar, first_bread
D:5:      uniq_duvessa, uniq_sigmund

Action                   |  1- 3 |  4- 6 |  7- 9 || total
-------------------------+-------+-------+-------++-------
Melee: War axe           |    38 |   168 |    64 ||   270
  Use: Scroll            |       |     6 |       ||     6
       Potion            |       |       |     1 ||     1
  Eat: Bread ration      |       |     1 |       ||     1
       Chunk             |       |     4 |     2 ||     6
